 Dungeon Crawl Stone Soup version 0.20.0-8-g6b59dc7 (webtiles) character file.

183 mopl the Firebug (level 5, -1/28 HPs)
             Began as a Deep Elf Fire Elementalist on May 30, 2017.
             Killed by nerve-wracking pain
             ... invoked by Grinder
              (12 damage)
             ... on level 3 of the Dungeon.
             The game lasted 00:04:40 (2367 turns).

mopl the Firebug (Deep Elf Fire Elementalist)       Turns: 2367, Time: 00:04:40

Health: -1/28      AC:  3    Str:  5    XL:     5   Next: 35%
Magic:  3/13       EV: 12    Int: 21    God:
Gold:   106        SH:  4    Dex: 15    Spells: 4/12 levels left

rFire    . . .     SeeInvis .   n - +0 dagger (venom)
rCold    . . .     Gourm    .   f - +0 buckler
rNeg     . . .     Faith    .   a - +0 robe
rPois    .         Spirit   .   (no helmet)
rElec    .         Reflect  .   t - +0 cloak
rCorr    +         Harm     .   (no gloves)
MR       .....                  (no boots)
Stlth    ++........             (no amulet)
Regen    0.1/turn               o - ring of resist corrosion
MPRegen  0.2/turn               (no ring)

@: very slightly contaminated
A: no striking features
a: no special abilities


You were on level 3 of the Dungeon.
You were hungry.

You visited 1 branch of the dungeon, and saw 3 of its levels.

You collected 106 gold pieces.

Inventory:

Hand Weapons
 n - a +0 dagger of venom (weapon)
 s - a +4 quarterstaff of chaos
Missiles
 v - 4 curare-tipped needles
Armour
 a - a +0 robe (worn)
 f - a +0 buckler (worn)
 t - a +0 cloak (worn)
Jewellery
 o - a ring of resist corrosion (left hand)
Scrolls
 d - a scroll of random uselessness {unknown}
 e - a scroll of enchant armour {unknown}
 g - 4 scrolls of magic mapping {unknown}
 h - a scroll of fog {unknown}
 i - 5 scrolls of identify {unknown}
 j - a scroll of blinking {unknown}
 l - 3 scrolls of remove curse {unknown}
 p - a scroll of enchant weapon {unknown}
 r - a scroll of noise {unknown}
 y - a scroll of teleportation {unknown}
Potions
 k - a potion of haste {unknown}
 m - 2 potions of heal wounds {unknown}
 q - a potion of magic {unknown}
 w - a potion of curing {unknown}
 x - 2 potions of mutation {unknown}
Books
 b - a book of Flames

   Spells                             Type                      Level
   a - Flame Tongue                   Conjuration/Fire             1
   b - Throw Flame                    Conjuration/Fire             2
   c - Conjure Flame                  Conjuration/Fire             3
   d - Inner Flame                    Hexes/Fire                   3
   e - Sticky Flame                   Conjuration/Fire             4
   f - Fireball                       Conjuration/Fire             5
Comestibles
 c - a bread ration
 u - 2 chunks of flesh


   Skills:
 - Level 2.4 Dodging
 - Level 2.4 Stealth
 + Level 1.2 Shields
 + Level 4.0 Spellcasting
 * Level 3.8 Conjurations
 * Level 4.5 Fire Magic


You had 4 spell levels left.
You knew the following spells:

 Your Spells              Type           Power        Failure   Level  Hunger
a - Flame Tongue          Conj/Fire      ###..        3%          1    None
c - Conjure Flame         Conj/Fire      ###.....     9%          3    ###....
d - Sticky Flame          Conj/Fire      ###.....     30%         4    ####...


Dungeon Overview and Level Annotations

Branches:
Dungeon (3/15)

Altars:
Ru
Beogh

Annotations:
D:3 exclusion: door, Grinder


Message History

Grinder is lightly wounded.
Grinder burns!
Grinder completely misses you.
You hit Grinder.
Grinder is moderately wounded.
Grinder burns!
Grinder closely misses you.
You hit Grinder but do no damage.
Grinder is heavily wounded.
Grinder burns!
Grinder gestures at you. Pain shoots through your body!
You are too injured to fight recklessly!
You hit Grinder but do no damage.
Grinder looks even sicker.
Grinder is heavily wounded.
Grinder burns!
You block Grinder's attack.
You hit Grinder.
Grinder is severely wounded.
Grinder burns!
Grinder gestures at you. Pain shoots through your body!
You die...

.. #).# .#
#.#####.># ..
#........#
###########.####.##
?................#
###########.######
$........#.##
#..#######.#.#
#.....ยง.@5...#
##############


You could see Grinder (burning).

Vanquished Creatures
  Crazy Yiuf (D:2)
  Natasha (D:3)
  2 gnolls (D:2)
  7 adders (D:2)
  2 dart slugs
  A leopard gecko (D:2)
  An orc (D:3)
  3 giant cockroaches (D:2)
  10 goblins
  2 hobgoblins
  4 jackals
  6 kobolds
  2 bats
  A frilled lizard (D:2)
  5 rats
48 creatures vanquished.

Notes
Turn   | Place    | Note
-------+----------+-------------------------------------------
     0 | D:1      | mopl the Deep Elf Fire Elementalist began the quest for the Orb.
     0 | D:1      | Reached XP level 1. HP: 10/10 MP: 6/6
   110 | D:1      | Reached XP level 2. HP: 15/15 MP: 2/8
   355 | D:1      | Reached skill level 2 in Conjurations
   790 | D:2      | Reached XP level 3. HP: 19/19 MP: 5/9
   811 | D:1      | Learned a level 3 spell: Conjure Flame
   863 | D:2      | Found a runed door.
  1061 | D:2      | Reached skill level 4 in Fire Magic
  1065 | D:2      | Reached skill level 1 in Shields
  1065 | D:2      | Reached XP level 4. HP: 13/24 MP: 2/11
  1071 | D:2      | Learned a level 4 spell: Sticky Flame
  1223 | D:2      | Reached skill level 3 in Conjurations
  1458 | D:2      | Found a sacrificial altar of Ru.
  1756 | D:2      | Noticed Crazy Yiuf
  1763 | D:2      | Killed Crazy Yiuf
  1763 | D:2      | Reached XP level 5. HP: 17/28 MP: 0/12
  2017 | D:3      | Noticed Natasha
  2026 | D:3      | Killed Natasha
  2026 | D:3      | Reached skill level 4 in Spellcasting
  2246 | D:3      | Found a roughly hewn altar of Beogh.
  2354 | D:3      | Noticed Grinder
  2367 | D:3      | Killed from afar by Grinder

Skill      XL: |  1  2  3  4  5 |
---------------+----------------+-----
Conjurations   | 2 3 |  3.8
Fire Magic     | 4 |  4.5
Shields        | 1 |  1.2
Spellcasting   | 4 |  4.0
Dodging        | |  2.4
Stealth        | |  2.4

Action                   |  1- 3 |  4- 6 || total
-------------------------+-------+-------++-------
Melee: Dagger            |    23 |    42 ||    65
 Cast: Flame Tongue      |    33 |    25 ||    58
       Conjure Flame     |     1 |     2 ||     3
       Sticky Flame      |       |     4 ||     4
 Stab: Sleeping          |     1 |     4 ||     5
       Distracted        |       |     1 ||     1
  Eat: Chunk             |       |     5 ||     5
Armor: Robe              |     3 |     5 ||     8
Dodge: Dodged            |    16 |    25 ||    41
Block: Buckler           |     6 |     6 ||    12
